 Dungeon Crawl Stone Soup version 0.27.1-1-g398f81649c (webtiles) character file.

Game seed: 9380043858158550915

4478 HammerPanzer the Carver (level 10, -7/90 HPs)
             Began as a Black Draconian Berserker on Sept 7, 2021.
             Was an Elder of Trog.
             Mangled by a yak (10 damage)
             ... on level 8 of the Dungeon.
             The game lasted 00:19:44 (7123 turns).

HammerPanzer the Carver (Black Draconian Berserker) Turns: 7123, Time: 00:19:44

Health: -7/90      AC:  9    Str: 23    XL:     10   Next: 15%
Magic:  10/10      EV: 14    Int:  7    God:    Trog [****..]
Gold:   1462       SH:  0    Dex: 11    Spells: 9/9 levels left

rFire    + . .     SeeInvis .   u - +9 sword of Zonguldrok {reap}
rCold    . . .     Faith    .   (no shield)
rNeg     . . .     Spirit   .   (armour unavailable)
rPois    .         Reflect  .   (helmet restricted)
rElec    +         Harm     .   w - +1 cloak
rCorr    .         Rampage  .   (no gloves)
Will     .....                  (no boots)
Stlth    +.........             (no amulet)
HPRegen  0.25/turn              e - ring of protection from fire
MPRegen  0.12/turn              p - +4 ring of slaying

@: on berserk cooldown, slowed, very slow
A: breathe lightning, AC +7, unfitting armour, electricity resistance,
cold-blooded
a: Breathe Lightning, Renounce Religion, Berserk, Trog's Hand, Brothers in Arms


You were on level 8 of the Dungeon.
You worshipped Trog.
Trog was greatly pleased with you.
You visited 1 branch of the dungeon, and saw 8 of its levels.

You collected 1462 gold pieces.

Inventory:

Hand Weapons
 o - a +0 long sword of holy wrath
 u - the +9 sword of Zonguldrok (weapon) {reap}
   (You found it on level 6 of the Dungeon)

   Any living foe damaged by it may be reanimated upon death as a zombie
   friendly to the wielder, with an increasing chance as more damage is dealt.
Missiles
 j - 87 poisoned darts (quivered)
Armour
 w - a +1 cloak (worn)
Jewellery
 e - a ring of protection from fire (left hand)
 p - a +4 ring of slaying (right hand)
 y - a ring of protection from fire
Wands
 i - a wand of mindburst (12)
 l - a wand of charming (13)
 r - a wand of acid (10)
Scrolls
 b - a scroll of teleportation
 h - a scroll of enchant weapon
 t - a scroll of magic mapping
Potions
 a - a potion of cancellation
 c - 2 potions of might
 d - a potion of lignification
 f - 5 potions of curing
 g - 3 potions of flight
 k - a potion of heal wounds
 m - a potion of degeneration {unknown}
 n - a potion of ambrosia
 q - 4 potions of brilliance
 s - 2 potions of attraction


   Skills:
 + Level 8.8 Fighting
 * Level 10.9 Long Blades
 + Level 7.3 Dodging


You had 9 spell levels left.
You didn't know any spells.
Your spell library was empty.

Dungeon Overview and Level Annotations

Branches:
Dungeon (8/15)             Temple (0/1) D:6            Lair (0/6) D:8

Altars:
Dithmenos
Elyvilon
Fedhas
Nemelex Xobeh
Okawaru
Qazlal
Trog
Vehumet
Zin
The Shining One

Shops:
D:6 ?   D:7 (


Innate Abilities, Weirdness & Mutations

You can breathe wild blasts of lightning.
Your glossy black scales are hard. (AC +7)
You cannot fit into any form of body armour.
You are resistant to electric shocks. (rElec)
You are cold-blooded and may be slowed by cold attacks.


Message History

You slice the yak!!
The yak is heavily wounded.
The yak gores you.
* * * LOW HITPOINT WARNING * * *
The death yak gores you.
* * * LOW HITPOINT WARNING * * *
You are too berserk!
Unknown command.
You are too berserk!
You slice the wyvern zombie!!
The wyvern zombie is almost destroyed.
The wyvern zombie bites you but does no damage.
The death yak barely misses you.
You riposte.
You slash the death yak!
The death yak is heavily wounded.
You slash the wyvern zombie!
You destroy the wyvern zombie!
Trog accepts your kill.
The death yak gores you but does no damage.
The yak gores you!
* * * LOW HITPOINT WARNING * * *
The death yak gores you.
* * * LOW HITPOINT WARNING * * *
You slice the yak!!
You kill the yak!
Trog accepts your kill. The death yak gores you.
* * * LOW HITPOINT WARNING * * *
The yak misses you.
You slice the yak!!
The yak is severely wounded.
The death yak barely misses you.
You barely miss the yak. You tail-slap the yak!
You kill the yak!
Trog accepts your kill.
You are no longer berserk.
You are exhausted.
You feel yourself slow down. The death yak gores you.
* * * LOW HITPOINT WARNING * * *
The yak gores you!
You die...

....#####..:.##...##
#...
..........#.##.....#
##..
..........###......##...
#.........##........#.#.
#.........#.............
#.................#.....
#.......................
...............#Y.......
.#.......###....@Y.#
#...... #..##YY#.....
#...... #..###YZ..>...
.).........# #......#.
.......##..# ......#.. .
..$# ......... #.#..
......... .. ..........


You could see 2 death yaks, 3 yaks and a centaur warrior zombie.

Vanquished Creatures
  2 two-headed ogres (D:7)
  A death yak (D:8)
  3 yaks (D:8)
  2 steam dragons
  2 water moccasins (D:7)
  An orc warrior (D:7)
  2 black bears
  A centaur (D:7)
  2 ogres
  2 necrophages (D:6)
  A phantom (D:4)
  A kobold brigand (D:6)
  Blork the orc (D:5)
  A bullfrog (D:7)
  A wyvern zombie (D:8)
  3 scorpions
  A water moccasin skeleton (D:5)
  4 hounds
  A bullfrog zombie (D:7)
  3 jellies
  An orc priest (D:3)
  A centaur skeleton (D:7)
  3 iguanas
  2 orc wizards
  4 gnolls (D:7)
  A howler monkey skeleton (D:7)
  3 adders
  A shadow imp (D:7)
  2 white imps
  An adder skeleton (D:4)
  21 orcs
  8 ball pythons
  3 bats
  5 endoplasms
  4 giant cockroaches
  13 goblins
  15 hobgoblins
  3 jackals (D:1)
  6 quokkas
  2 frilled lizards
  17 kobolds
  2 rats (D:1)
153 creatures vanquished.

Vanquished Creatures (collateral kills)
  3 kobolds (D:7)
3 creatures vanquished.

Vanquished Creatures (others)
  A wizard (D:5)
  A hobgoblin (D:7)
2 creatures vanquished.

Grand Total: 158 creatures vanquished

Notes
Turn   | Place    | Note
-------+----------+-------------------------------------------
     0 | D:1      | HammerPanzer the Draconian Berserker began the quest for
                  | the Orb.
     0 | D:1      | Reached XP level 1. HP: 19/19 MP: 1/1
   359 | D:1      | Reached XP level 2. HP: 26/26 MP: 2/2
   370 | D:1      | Found a faded altar of an unknown god.
   712 | D:1      | Reached XP level 3. HP: 33/33 MP: 3/3
   910 | D:1      | Reached ** piety under Trog
  1527 | D:2      | Reached skill level 4 in Long Blades
  2012 | D:3      | Reached XP level 4. HP: 27/40 MP: 4/4
  2324 | D:3      | Found a sparkling altar of Nemelex Xobeh.
  2691 | D:3      | Found a glowing silver altar of Zin.
  2844 | D:3      | Found an iron altar of Okawaru.
  2932 | D:3      | Found a blossoming altar of Fedhas.
  3065 | D:4      | Noticed a scorpion
  3074 | D:4      | Reached XP level 5. HP: 43/46 MP: 5/5
  3077 | D:4      | Noticed a black bear
  3085 | D:4      | Reached skill level 5 in Long Blades
  3088 | D:4      | Killed a black bear
  3089 | D:4      | Reached XP level 6. HP: 55/55 MP: 6/6
  3289 | D:4      | Reached skill level 5 in Fighting
  3622 | D:5      | Entered Level 5 of the Dungeon
  3673 | D:5      | Noticed a steam dragon
  3674 | D:5      | Noticed Blork the orc
  3683 | D:5      | Killed a steam dragon
  3684 | D:5      | Reached skill level 6 in Long Blades
  3684 | D:5      | Your scales start taking on a glossy black colour.
  3684 | D:5      | Reached XP level 7. HP: 61/61 MP: 7/7
  3684 | D:5      | Gained mutation: You are resistant to electric shocks.
                  | (rElec) [Black Draconian growth]
  3684 | D:5      | Killed Blork the orc
  4123 | D:5      | Reached *** piety under Trog
  4292 | D:5      | Found a bloodstained altar of Trog.
  4294 | D:5      | Noticed a wizard
  4299 | D:5      | Killed a wizard
  4545 | D:5      | Reached skill level 7 in Long Blades
  4734 | D:6      | Reached skill level 5 in Dodging
  4734 | D:6      | Reached XP level 8. HP: 65/70 MP: 8/8
  4771 | D:6      | Found a staircase to the Ecumenical Temple.
  4861 | D:6      | Found a white marble altar of Elyvilon.
  4897 | D:6      | Found a stormy altar of Qazlal.
  4911 | D:6      | Found a shadowy altar of Dithmenos.
  4914 | D:6      | Found a glowing golden altar of the Shining One.
  5036 | D:6      | Found Jaoradenk's Magic Scroll Shoppe.
  5254 | D:6      | Found the +9 sword of Zonguldrok {reap}
  5996 | D:7      | Reached skill level 8 in Long Blades
  6015 | D:7      | Noticed a two-headed ogre
  6023 | D:7      | Killed a two-headed ogre
  6024 | D:7      | Reached skill level 9 in Long Blades
  6024 | D:7      | Reached XP level 9. HP: 79/79 MP: 9/9
  6187 | D:7      | Noticed a two-headed ogre
  6195 | D:7      | Killed a two-headed ogre
  6196 | D:7      | Reached skill level 10 in Long Blades
  6252 | D:7      | Found Lewumi's Weapon Boutique.
  6459 | D:7      | Reached **** piety under Trog
  6969 | D:7      | Identified a scroll of acquirement
  6969 | D:7      | Acquired 1097 gold pieces
  6980 | D:8      | Found a radiant altar of Vehumet.
  7098 | D:8      | Noticed a death yak
  7100 | D:8      | Found a staircase to the Lair.
  7101 | D:8      | Noticed a death yak
  7102 | D:8      | Noticed a death yak
  7107 | D:8      | Killed a death yak
  7108 | D:8      | Reached XP level 10. HP: 90/90 MP: 10/10
  7121 | D:8      | HP: 6/135 [death yak (3)]
  7123 | D:8      | Mangled by a yak

Illustrated notes

Levels and vault maps discovered:
D:1:      psy_arrival_basics, layout_loops_ring,
          shapermc_ecumenical_altar_notcrosses, minmay_distorted
D:2:      layout_rooms, chequers_serial_rivers_room_a, dk_noncrumbling_2,
          minmay_crystal_water
D:3:      minmay_door_path, layout_basic, marbit_many_paths,
          nemelex_diamond_rough_becter, general_overflow_altar, fedhas_altar_4
D:4:      layout_basic
D:5:      layout_loops_ring, trog_wizard, kennysheep_generic_room_12,
          uniq_blork_the_orc
D:6:      layout_layer_cave, grunt_temple_overflow_cloverleaf,
          minmay_temple_entry_overgrown, serial_shops, nicolae_stop_n_shop_1,
          minmay_liquid_box
D:7:      corexii_shantytown, layout_loops_ring, serial_shops, shop,
          grunt_tough_drop
D:8:      layout_layer_cave, overflow_temple_1_default, dpeg_lair_monsters,
          nrook_loot_triangle, nicolae_specific_store, st_stairs_1,
          minmay_quadrilaterals

Skill      XL: |  1  2  3  4  5  6  7  8  9 |
---------------+----------------------------+-----
Dodging        | 3 4 5 6 7 |  7.3
Long Blades    | 4 5 6 7 9 10 | 10.9
Fighting       | 4 5 6 7 8 |  8.8

Action                   |  1- 3 |  4- 6 |  7- 9 | 10-12 || total
-------------------------+-------+-------+-------+-------++-------
Melee: Falchion          |    93 |       |       |       ||    93
       Tailslap          |    13 |    17 |    26 |     2 ||    58
       Long sword        |    16 |    85 |    59 |       ||   160
       Double sword      |       |       |    79 |    14 ||    93
Invok: Berserk           |       |     4 |     3 |       ||     7
 Abil: Breathe Lightning |       |       |     1 |       ||     1
  Use: Scroll            |       |    15 |     5 |       ||    20
       Potion            |       |     1 |       |       ||     1
 Stab: Sleeping          |       |       |     1 |       ||     1
Armor: Skin              |    31 |    25 |    21 |     7 ||    84
Dodge: Dodged            |    62 |    47 |    85 |    10 ||   204
       Rpst.: Falchion   |    16 |       |       |       ||    16
       Long sword        |       |    13 |    12 |       ||    25
       Double sword      |       |       |    14 |     2 ||    16
